 Dungeon Crawl Stone Soup version 0.29.0-11-gd7f09526c8 (webtiles) character file.

Game seed: 13685693721731903459

12936 apoch the Cleaver (level 11, -7/91 HPs)
             Began as a Minotaur Fighter on Sept 6, 2022.
             Was a High Priest of Hepliaklqana.
             Mangled by an ice devil (11 damage)
             ... in an ice cave.
             The game lasted 00:27:56 (13500 turns).

apoch the Cleaver (Minotaur Fighter)               Turns: 13500, Time: 00:27:56

Health: -7/91      AC: 21    Str: 25    XL:     11   Next: 69%
Magic:  0/17       EV:  8    Int:  5    God:    Hepliaklqana [*****.]
Gold:   569        SH:  4    Dex: 10    Spells: 10/10 levels left

rFire   . . .      SeeInvis .   a - +1 war axe (venom)
rCold   + . .      Faith    .   c - +0 buckler
rNeg    . . .      Spirit   +   m - +0 plate armour
rPois   .          Reflect  .   (helmet restricted)
rElec   .          Harm     .   (no cloak)
rCorr   .          Rampage  .   F - +0 pair of gloves
Will    .....                   h - +0 pair of boots
Stlth   ..........              G - amulet of guardian spirit
HPRegen 0.25/turn               j - +4 ring of protection
MPRegen 0.15/turn               g - ring of protection from cold

@: slowed, studying Long Blades, very slow
A: reduced essence, horns 2, retaliatory headbutt
a: Renounce Religion, Recall Ancestor, Ancestor Identity, Transference, Idealise


You were in an ice cave.
You worshipped Hepliaklqana.
Hepliaklqana was extremely pleased with you.
You visited 2 branches of the dungeon, and saw 11 of its levels.
You also visited: Sewer and Ice Cave.

You collected 569 gold pieces.

Inventory:

Hand Weapons
 a - a +1 war axe of venom (weapon)
 b - a +0 flail
 B - a +0 war axe
 H - a +0 battleaxe
Missiles
 f - 38 poisoned darts
 u - 41 stones
 y - 3 atropa-tipped darts
 C - 5 boomerangs (quivered)
 I - a curare-tipped dart
Armour
 c - a +0 buckler (worn)
 h - a +0 pair of boots (worn)
 m - a +0 plate armour (worn)
 F - a +0 pair of gloves (worn)
Jewellery
 g - a ring of protection from cold (right hand)
 j - a +4 ring of protection (left hand)
 v - a ring of magical power
 z - a ring of wizardry
 G - an amulet of guardian spirit (around neck)
 J - a ring of see invisible
 M - the ring "Qyeppun" {rPois rN+ Will- SInv Stlth+}
   (You found it on level 9 of the Dungeon)

   [ring of poison resistance]

   rPois:     It protects you from poison.
   rN:        It protects you from negative energy.
   SInv:      It lets you see invisible.
   Will:      It decreases your willpower.
   Stlth:     It makes you more stealthy.
Wands
 s - a wand of polymorph (23)
 w - a wand of acid (17)
 D - a wand of digging (3)
 N - a wand of roots (3)
Scrolls
 e - 7 scrolls of identify
 i - 6 scrolls of teleportation
 k - 2 scrolls of poison
 l - a scroll of fear
 n - 7 scrolls of enchant weapon
 t - 4 scrolls of immolation
 K - 2 scrolls of blinking
Potions
 d - 2 potions of brilliance
 o - 3 potions of invisibility
 p - a potion of haste
 q - 4 potions of flight
 r - 3 potions of curing
 x - 2 potions of ambrosia
 A - a potion of cancellation
 E - a potion of magic
 L - a potion of degeneration


   Skills:
 * Level 11.3 Fighting
 - Level 11.5 Axes
 - Level 10.0 Armour
 + Level 6.2 Dodging
 - Level 3.6 Shields
 - Level 10.0 Invocations


You had 10 spell levels left.
You didn't know any spells.
Your spell library contained the following spells:

 Spells                   Type           Power      Damage    Failure   Level
 Freeze                   Ice            0%         1d3       100%        1
 Slow                     Hex            0%         N/A       100%        1
 Poisonous Vapours        Pois/Air       0%         N/A       100%        2
 Call Canine Familiar     Summ           0%         N/A       100%        3
 Confusing Touch          Hex            0%         N/A       100%        3
 Frozen Ramparts          Ice            0%         1d1       100%        3
 Ignite Poison            Fire/Tmut/Pois 0%         N/A       100%        3
 Mephitic Cloud           Conj/Pois/Air  0%         N/A       100%        3
 Ozocubu's Armour         Ice            0%         N/A       100%        3
 Portal Projectile        Hex/Tloc       0%         N/A       100%        3
 Tukima's Dance           Hex            0%         N/A       100%        3
 Vampiric Draining        Necr           0%         2d6       100%        3
 Corpse Rot               Necr/Pois/Air  0%         N/A       100%        4
 Hailstorm                Conj/Ice       0%         3d3       100%        4
 Leda's Liquefaction      Hex/Erth       0%         N/A       100%        4
 Blade Hands              Tmut           0%         N/A       100%        5
 Freezing Cloud           Conj/Ice/Air   0%         6-21      100%        5
 Metabolic Englaciation   Hex/Ice        0%         N/A       100%        5
 Simulacrum               Ice/Necr       0%         N/A       100%        6


Dungeon Overview and Level Annotations

Branches:
Dungeon (9/15)             Temple (0/1) D:5            Lair (2/5) D:9
    Orc (0/2) D:9           Sewer (visited)           IceCv (1/1)
  Swamp: Lair:2-3    Shoals: Lair:2-3     Snake: Lair:2-3    Spider: Lair:2-3

Altars:
Dithmenos
Fedhas
Gozag
Hepliaklqana
Makhleb
Qazlal
Vehumet
Wu Jian
Xom
The Shining One

Shops:
D:2 !

Annotations:
D:4 2 transporters, miserystealer's ghost, amateur TrFi
D:8 3 runed translucent doors, Strat's ghost, novice MiBe


Innate Abilities, Weirdness & Mutations

Your life essence is reduced to manifest your ancestor. (-10% HP)
You have a pair of horns on your head.
You reflexively headbutt those who attack you in melee.


Message History

The freezing wraith is lightly damaged.
The freezing wraith hits you but does no damage.
The freezing wraith hits you!
* * * LOW HITPOINT WARNING * * *
The freezing wraith drains your vigour!
You feel yourself slow down.
The freezing wraith attacks as you move away!
The freezing wraith hits you!
* * * LOW HITPOINT WARNING * * *
The freezing wraith freezes you. You resist.
* * * LOW HITPOINT WARNING * * *
The freezing wraith hits you but does no damage.
The freezing wraith barely misses you. The freezing wraith hits you.
* * * LOW HITPOINT WARNING * * *
The freezing wraith drains your vigour!
You feel as though you will be slow longer.
Unknown command.
You feel better.
The wolf simulacrum bites you but does no damage.
The freezing wraith misses you. The freezing wraith closely misses you.
You block the ice devil's attack. You block the wolf simulacrum's attack.
The freezing wraith closely misses you. You furiously retaliate!
You headbutt the freezing wraith! The freezing wraith barely misses you.
The ice devil hits you.
* * * LOW HITPOINT WARNING * * *
The ice devil freezes you! You resist.
* * * LOW HITPOINT WARNING * * *
Okay, then.
You feel better. You block the freezing wraith's attack.
The freezing wraith hits you.
* * * LOW HITPOINT WARNING * * *
The ice devil hits you.
* * * LOW HITPOINT WARNING * * *
The ice devil freezes you! You resist.
* * * LOW HITPOINT WARNING * * *
The ice devil attacks as you move away!
The ice devil hits you but does no damage.
The ice devil hits you.
* * * LOW HITPOINT WARNING * * *
The ice devil freezes you! You resist.
You die...

#####..###...##
#.#☼####.## #
#.§.°.#### ##
#.°○☼☼..# ##.
#####.§°°☼## ##..
##..###.#☼.## #...
##....#####○.####..
#..4....##...°##...
#.@WZ.......#○○WZ..
#..4.......###.§...
##....##..## ###...
##..###### ##..
#### #... ##.. ##.
##


You could see 2 ice devils, a freezing wraith and a wolf simulacrum.

Vanquished Creatures
  The ghost of dang3rdave the Markself, a novice DEHu of Gozag (D:9)
  An ugly thing (IceCv)
  A rime drake (Lair:1)
  6 ice devils (IceCv)
  A freezing wraith (IceCv)
  An anaconda simulacrum (IceCv)
  2 blink frogs (Lair:1)
  Grinder (D:6)
  Eustachio (D:4)
  8 yaks (Lair:1)
  A wyvern (Lair:1)
  6 death yak simulacra (IceCv)
  2 harpy simulacra (IceCv)
  An acid dragon (D:9)
  3 water moccasins
  Duvessa (D:6)
  Pargi (Sewer)
  A wolf (Lair:2)
  2 centaurs (D:9)
  9 wights
  An elephant simulacrum (IceCv)
  4 killer bees
  3 howler monkeys (D:9)
  A gnoll bouda (D:6)
  2 hounds
  A jelly (D:4)
  4 orc priests
  2 orc wizards (D:7)
  2 iguanas
  2 polar bear simulacra (IceCv)
  2 wolf simulacra (IceCv)
  7 gnolls (D:6)
  4 adders
  2 naga simulacra (IceCv)
  A white imp (D:6)
  4 ufetubi
  10 orcs
  2 ball pythons (D:3)
  5 endoplasms
  4 giant cockroaches
  6 goblins
  4 hobgoblins
  9 kobolds
  3 quokkas (D:1)
  6 bats
  4 frilled lizards
  8 rats
153 creatures vanquished.

Vanquished Creatures (collateral kills)
  A freezing wraith (IceCv)
  A komodo dragon (Lair:1)
  An ice devil (IceCv)
  An anaconda simulacrum (IceCv)
  A polar bear (D:9)
  2 blink frogs (Lair:1)
  Sigmund (D:4)
  2 yaks (Lair:1)
  Menkaure (D:4)
  A harpy simulacrum (IceCv)
  A water moccasin (Lair:1)
  An orc warrior (D:7)
  2 ice beasts
  A sky beast (D:6)
  4 centaurs
  2 kobold brigands
  3 bullfrogs
  2 scorpions
  A two-headed ogre simulacrum (IceCv)
  3 wights
  Dowan (D:6)
  6 killer bees
  2 howler monkeys
  3 orc priests
  4 hounds
  2 jellies
  An iguana (D:4)
  7 orc wizards
  A spriggan simulacrum (IceCv)
  A polar bear simulacrum (IceCv)
  3 gnolls (D:6)
  5 adders
  A white imp (D:5)
  2 dart slugs
  13 orcs
  2 bats
  An endoplasm (D:3)
  A giant cockroach (Sewer)
  2 goblins (D:4)
  A hobgoblin (D:4)
  3 quokkas
  2 ball pythons (D:2)
  A frilled lizard (D:2)
  6 kobolds
103 creatures vanquished.

Vanquished Creatures (others)
  12 battlemagi
  2 ancestors (D:1)
  3 fungi
  19 plants
36 creatures vanquished.

Grand Total: 292 creatures vanquished

Notes
Turn   | Place    | Note
-------+----------+-------------------------------------------
     0 | D:1      | apoch the Minotaur Fighter began the quest for the Orb.
     0 | D:1      | Reached XP level 1. HP: 19/19 MP: 0/0
   182 | D:1      | Reached XP level 2. HP: 23/26 MP: 1/1
   198 | D:1      | Found a faded altar of an unknown god.
   212 | D:1      | Prayed at the altar of an unknown god.
   212 | D:1      | Became a worshipper of Hepliaklqana the Forgotten
   212 | D:1      | Reached * piety under Hepliaklqana
   604 | D:1      | Reached XP level 3. HP: 23/27 MP: 2/2
  1229 | D:2      | Reached ** piety under Hepliaklqana
  1230 | D:2      | Remembered your ancestor Necuametl as a battlemage
  1335 | D:2      | Found Tipeocuo's Distillery.
  2202 | D:3      | Found a glowing drain.
  2207 | Sewer    | Entered a sewer
  2306 | Sewer    | Noticed Pargi
  2311 | Sewer    | Killed Pargi
  2312 | Sewer    | Reached XP level 4. HP: 27/35 MP: 3/3
  2312 | Sewer    | Reached XP level 5. HP: 31/40 MP: 4/4
  2524 | D:3      | Reached *** piety under Hepliaklqana
  2547 | D:3      | Found a blossoming altar of Fedhas.
  3088 | D:4      | Noticed Eustachio
  3106 | D:4      | Killed Eustachio
  3107 | D:4      | Reached XP level 6. HP: 20/45 MP: 5/5
  3486 | D:4      | Found a transporter.
  3488 | D:4      | Noticed miserystealer's ghost (amateur TrFi)
  3491 | D:4      | Found a transporter.
  3518 | D:4      | Reached skill level 1 in Invocations
  3624 | D:4      | Reached XP level 7. HP: 51/51 MP: 7/7
  3704 | D:4      | Noticed Sigmund
  3708 | D:4      | Killed Sigmund
  3981 | D:4      | Noticed Menkaure
  3989 | D:4      | Killed Menkaure
  4254 | D:4      | Reached **** piety under Hepliaklqana
  4277 | D:5      | Entered Level 5 of the Dungeon
  4422 | D:5      | Found an opulent altar of Gozag.
  4526 | D:5      | You fall into a shaft and drop 1 floor!
  4593 | D:6      | Reached skill level 10 in Axes
  4751 | D:6      | Reached XP level 8. HP: 57/57 MP: 10/10
  4786 | D:6      | Noticed Grinder
  4795 | D:6      | Killed Grinder
  4796 | D:6      | Reached skill level 5 in Invocations
  5365 | D:6      | Noticed Duvessa
  5365 | D:6      | Noticed Dowan
  5371 | D:6      | Killed Duvessa
  5375 | D:6      | Killed Dowan
  5736 | D:5      | Reached skill level 5 in Fighting
  5903 | D:5      | Found a staircase to the Ecumenical Temple.
  6043 | D:5      | Found a radiant altar of Vehumet.
  6518 | D:5      | Found a shimmering altar of Xom.
  6590 | D:5      | Reached XP level 9. HP: 67/67 MP: 13/13
  6597 | D:6      | Found a stormy altar of Qazlal.
  7549 | D:7      | Reached ***** piety under Hepliaklqana
  8336 | D:8      | Found a runed translucent gate.
  8336 | D:8      | Found a runed translucent gate.
  8336 | D:8      | Noticed Strat's ghost (novice MiBe)
  8336 | D:8      | Noticed an 11-headed hydra
  8516 | D:8      | Found a runed translucent gate.
  8807 | D:8      | Reached XP level 10. HP: 54/81 MP: 16/16
  9151 | D:9      | Found an ornate altar of the Wu Jian Council.
  9165 | D:9      | Found a shadowy altar of Dithmenos.
  9361 | D:9      | Found a staircase to the Lair.
  9368 | D:9      | Found a staircase to the Orcish Mines.
  9580 | D:9      | Reached skill level 10 in Invocations
  9881 | D:9      | Found a glowing golden altar of the Shining One.
 10002 | D:9      | Reached skill level 10 in Fighting
 10010 | D:9      | Found a runed translucent door.
 10014 | D:9      | Noticed dang3rdave's ghost (novice DEHu)
 10034 | D:9      | Found a burning altar of Makhleb.
 10283 | D:9      | Killed dang3rdave's ghost
 10284 | D:9      | Reached skill level 5 in Armour
 10289 | D:9      | Identified the ring "Qyeppun" {rPois rN+ Will- SInv Stlth+}
 10349 | Lair:1   | Entered Level 1 of the Lair of Beasts
 10764 | Lair:1   | Noticed an elephant
 10764 | Lair:1   | Noticed an elephant
 10844 | Lair:1   | Noticed an elephant
 10849 | Lair:1   | Reached skill level 10 in Armour
 10912 | Lair:1   | Reached skill level 1 in Dodging
 11012 | Lair:1   | Reached XP level 11. HP: 89/89 MP: 17/17
 11143 | Lair:2   | Found a frozen archway.
 11149 | Lair:2   | Noticed an eight-headed hydra
 11156 | IceCv    | Entered an ice cave
 12388 | IceCv    | Reached skill level 5 in Dodging
 12734 | IceCv    | Found an ancient bone altar of Kikubaaqudgha.
 12734 | IceCv    | Noticed a white ugly thing
 13042 | IceCv    | Killed a white ugly thing
 13500 | IceCv    | HP: 4/91 [ice devil (1)]
 13500 | IceCv    | Mangled by an ice devil

Illustrated notes

Levels and vault maps discovered:
D:1:      dpeg_arrival_arbitrary_c, layout_loops_ring,
          hellmonk_ecumenical_altar_lost_god, serial_bayou,
          serial_bayou_shore_a, serial_bayou_shore_b, serial_bayou_shore_b,
          serial_bayou_lagoon_a, dreamdust_princess_bridge
D:2:      wander_river, layout_loops_corners, serial_aquarium,
          aquarium_bridge_straight [aquarium_subvault_bridge,
          aquarium_subvault_wall, aquarium_subvault_bridge,
          aquarium_subvault_window], aquarium_window_fake,
          aquarium_window_corner, aquarium_view_4, aquarium_view_2a,
          aquarium_balcony_3b, aquarium_pool_split, serial_shops,
          nicolae_diamond_shop
D:3:      layout_loops_ring, mainiacjoe_overflow_brackets, gup_sewer_entry_bowl
D:4:      layout_loops_ring, gammafunk_ghost_mausoleum, uniq_sigmund,
          uniq_menkaure, uniq_eustachio
D:5:      layout_loops_ring, nicolae_gozag_seed_capital,
          nicolae_vehumet_radiance, tgw_xom, minmay_temple_entry_proselytizer,
          nicolae_sextant, dreamdust_princess_corridor, grunt_ministairs_7,
          amcnicky_mini_rare_corridor_liquid, minmay_misc_feat_tower
D:6:      layout_loops_ring, nicolae_qazlal_eye_of_the_storm, uniq_grinder,
          uniq_duvessa
D:7:      layout_basic
D:8:      layout_gridville, gammafunk_ghost_hydra_chop
D:9:      layout_basic, tso_altar, mainiacjoe_overflow_large_starburst,
          lightli_temple_of_fire, dpeg_oklobed_lair, orc_0_dummy,
          ebering_ghost_reflecting_pool, serial_bayou_crossing
Lair:1:   layout_roguey
Lair:2:   layout_hall_layers, portal_ice_cave_entry_pillars_1
IceCv:    ice_cave_small_necro

Skill      XL: |  1  2  3  4  5  6  7  8  9 10 11 |
---------------+----------------------------------+-----
Axes           | 3 4 6 8 9 10 11 | 11.5
Invocations    | 1 4 7 9 10 | 10.0
Fighting       | 5 9 10 11 | 11.3
Armour         | 10 | 10.0
Dodging        | 1 6 |  6.2
Shields        | |  3.6

Action                   |  1- 3 |  4- 6 |  7- 9 | 10-12 || total
-------------------------+-------+-------+-------+-------++-------
Melee: War axe           |    85 |    31 |   163 |   185 ||   464
       Headbutt          |     7 |     2 |    25 |    32 ||    66
Throw: Stone             |     5 |     5 |    46 |       ||    56
       Boomerang         |       |       |    92 |    58 ||   150
Invok: Ancestor Identity |     1 |       |       |       ||     1
       Ancestor Life: Ba |     1 |       |       |       ||     1
       Recall Ancestor   |       |       |     1 |     1 ||     2
       Idealise          |       |       |       |     1 ||     1
Evoke: Wand              |       |       |       |     2 ||     2
  Use: Scroll            |     9 |       |    11 |     4 ||    24
       Potion            |       |     1 |       |     6 ||     7
 Stab: Distracted        |       |       |     1 |     1 ||     2
Armor: Scale mail        |    27 |       |       |       ||    27
       Plate armour      |    18 |    30 |    88 |   146 ||   282
Dodge: Dodged            |    35 |    11 |    38 |    81 ||   165
Block: Buckler           |    19 |    11 |    35 |    38 ||   103
